 Dungeon Crawl Stone Soup version 0.18.1-47-g9310371 (webtiles) character file.

4097 rftp080 the Grappler (level 10, -2/88 HPs)
             Began as a Ghoul Wizard on June 20, 2016.
             Was a High Priest of Cheibriados.
             Slain by a giant frog (4 damage)
             ... on level 7 of the Dungeon.
             The game lasted 00:19:05 (6769 turns).

rftp080 the Grappler (Ghoul Wizard)                 Turns: 6769, Time: 00:19:06

Health: -2/88      AC: 11    Str: 23    XL:     10   Next: 26%
Magic:  13/13      EV:  9    Int: 27    God:    Cheibriados [*****.]
Gold:   420        SH:  0    Dex: 18    Spells: 3 memorised, 9 levels left

rFire  . . .     SeeInvis .       - Unarmed
rCold  + . .     Gourm    .     h - +0 chain mail
rNeg   + + +     Faith    .     (no shield)
rPois  ∞         Spirit   .     b - +0 hat
rElec  .         Dismiss  .     x - +0 cloak
rCorr  .         Reflect  .     (no gloves)
SustAt .         Harm     .     (no boots)
MR     .....                    p - amulet of regeneration
Stlth  ..........               (no ring)
                                (no ring)

@: very slightly contaminated, rotting, hasted, very slow, not resistant to
hostile enchantments, extremely unstealthy
A: rotting body, claws 1, carnivore 3, cold resistance 1, negative energy
resistance 3, slow regeneration 1, torment resistance, unbreathing
a: Bend Time, Temporal Distortion, Slouch, Step From Time, Renounce Religion


You were on level 7 of the Dungeon.
You worshipped Cheibriados.
Cheibriados was extremely pleased with you.
You were not hungry.

You visited 1 branch of the dungeon, and saw 10 of its levels.

You collected 420 gold pieces.

Inventory:

Hand Weapons
 m - a +0 spear
Armour
 a - a +0 robe
 b - a +0 hat (worn)
 h - a +0 chain mail (worn)
 s - a +0 scale mail
 x - a +0 cloak (worn)
Magical Staves
 G - an uncursed staff of earth {unknown}
Jewellery
 f - a +3 amulet of reflection
 p - an amulet of regeneration (around neck)
 t - an uncursed amulet of regeneration
 R - a +3 ring of strength {unknown}
 T - an uncursed amulet of rage {unknown}
 U - an uncursed amulet of magic regeneration {unknown}
Wands
 o - a wand of polymorph (7/24)
 u - a wand of disintegration (11/24)
 v - a wand of paralysis (7/24)
 y - a wand of polymorph (5/24)
 A - a wand of heal wounds (5/9)
 D - a wand of digging (15/24)
Scrolls
 i - 2 scrolls of recharging {unknown}
 k - a scroll of magic mapping {unknown}
 l - 3 scrolls of remove curse
 n - a scroll of noise {unknown}
 r - a scroll of teleportation {unknown}
 C - a scroll of immolation {unknown}
 F - a scroll of blinking {unknown}
 I - a scroll of fog {unknown}
 K - a scroll of silence {unknown}
 M - a scroll of acquirement {unknown}
 N - 6 scrolls of identify
Potions
 q - 2 potions of lignification
 w - a potion of brilliance {unknown}
 z - 3 potions of haste
 B - 2 potions of flight
 L - a potion of cancellation {unknown}
 O - a potion of might {unknown}
 P - a potion of magic {unknown}
 S - a potion of resistance {unknown}
Books
 c - a book of Minor Magic

   Spells                             Type                      Level
   a - Magic Dart                     Conjuration                  1
   b - Blink                          Translocation                2
   c - Call Imp                       Summoning                    2
   d - Repel Missiles                 Charms/Air                   2
   e - Slow                           Hexes                        2
   f - Conjure Flame                  Conjuration/Fire             3
   g - Mephitic Cloud                 Conjuration/Poison/Air       3
 E - Vuefes's Reference Book on Attacks
   (You found it on level 5 of the Dungeon)

   Spells                             Type                      Level
   a - Shock                          Conjuration/Air              1
   b - Static Discharge               Conjuration/Air              3
   c - Mephitic Cloud                 Conjuration/Poison/Air       3
   d - Bolt of Magma                  Conjuration/Fire/Earth       5
   e - Conjure Ball Lightning         Conjuration/Air              6
 J - a Grand Grimoire

   Spells                             Type                      Level
   a - Monstrous Menagerie            Summoning                    7
   b - Summon Greater Demon           Summoning                    7
   c - Malign Gateway                 Summoning/Translocation      7
   d - Summon Horrible Things         Summoning                    8
Comestibles
 d - 4 meat rations
 g - a royal jelly


   Skills:
 + Level 7.6 Fighting
 + Level 6.5 Armour
 - Level 1.7 Dodging
 - Level 2.1 Stealth
 * Level 11.2 Unarmed Combat
 - Level 2.7 Spellcasting
 - Level 0.7 Conjurations
   Level 0.8 Summonings
 - Level 0.8 Translocations


You had 9 spell levels left.
You knew the following spells:

 Your Spells              Type           Power        Failure   Level  Hunger
a - Magic Dart            Conj           #...         56%         1    None
b - Blink                 Tloc           N/A          69%         2    ##.....
c - Repel Missiles        Chrm/Air       #.....       88%         2    ##.....


Dungeon Overview and Level Annotations

Branches:
Dungeon (10/15)            Temple (0/1) D:4
   Lair: D:8-11         Orc: D:9-12

Altars:
Cheibriados
Dithmenos
Elyvilon
Fedhas
Kikubaaqudgha
Okawaru
Pakellas

Shops:
D:5 !(   D:9 *


Innate Abilities, Weirdness & Mutations

Your body is rotting away.
You thrive on raw meat.
You are immune to poison.
You have sharp fingernails.
You are carnivorous and can eat meat at any time.
Your flesh is cold resistant.
You are immune to negative energy.
You regenerate slowly when monsters are visible.
You are immune to unholy pain and torment.
You can survive without breathing.


Message History

* * * LOW HITPOINT WARNING * * *
The giant frog hits you but does no damage.
Unknown command.
Drink which item? (? for menu, Esc to quit)
It was a potion of haste.
You feel yourself speed up.
Cheibriados forgives your accidental hurry, just this once.
The giant frog hits you.
* * * LOW HITPOINT WARNING * * *
The warg bites you!
* * * LOW HITPOINT WARNING * * *
You are very lightly contaminated with residual magic.
Drink which item? (? for menu, Esc to quit)
Okay, then.
The giant frog hits you but does no damage.
The warg bites you.
* * * LOW HITPOINT WARNING * * *
The giant frog closely misses you.
Unknown command.
The giant frog hits you.
You die...

#....≈≈≈.# #....≈≈≈.#
#....≈≈≈.# #....≈≈≈.#
#.P..≈≈≈.# #....≈≈≈.#
#....≈≈≈.#
#..Fh≈≈≈.#.'
#...@≈≈###'#
#...P≈≈#.o.##########
#....≈≈#ooo#.........
#....≈≈#####≈≈≈≈≈≈≈≈≈
#....≈≈≈≈≈≈≈≈≈≈≈≈≈≈≈≈
#P...≈≈≈≈≈≈≈≈≈≈≈≈≈≈≈≈
#....................
#####################
#............


You could see a warg and a giant frog.

Vanquished Creatures
  Joseph (D:7)
  A hippogriff (D:9)
  6 wargs (D:7)
  A water moccasin (D:8)
  2 orc warriors
  2 phantoms
  A centaur (D:9)
  A necrophage (D:5)
  3 ogres
  3 giant frogs (D:6)
  A scorpion (D:4)
  18 killer bees
  A giant frog zombie (D:7)
  3 crimson imps
  2 hounds
  2 orc priests
  A centaur skeleton (D:7)
  2 jellies (D:5)
  7 orc wizards
  A giant frog skeleton (D:10)
  An iguana (D:5)
  Natasha (thrice) (D:3)
  4 worker ants
  A hound skeleton (D:5)
  A howler monkey zombie (D:8)
  5 adders
  4 gnolls (D:2)
  A shadow imp (D:8)
  An adder zombie (D:5)
  2 adder skeletons
  6 worms
  3 dart slugs
  7 giant geckos
  31 orcs
  A ball python (D:6)
  3 giant cockroaches
  5 hobgoblins
  12 jackals
  A quokka (D:2)
  8 bats
  6 giant newts
  10 goblins
  A jackal skeleton (D:4)
  4 kobolds
  A quokka skeleton (D:7)
  6 rats
187 creatures vanquished.

Notes
Turn   | Place    | Note
--------------------------------------------------------------
     0 | D:1      | rftp080 the Ghoul Wizard began the quest for the Orb.
     0 | D:1      | Reached XP level 1. HP: 14/14 MP: 3/3
   487 | D:1      | Reached XP level 2. HP: 8/22 MP: 4/4
   655 | D:1      | Reached skill level 1 in Unarmed Combat
  1000 | D:1      | Reached skill level 1 in Armour
  1033 | D:1      | Reached XP level 3. HP: 16/27 MP: 6/6
  1040 | D:1      | Reached skill level 2 in Unarmed Combat
  1217 | D:2      | Reached skill level 1 in Fighting
  1486 | D:2      | Learned a level 2 spell: Blink
  1489 | D:2      | Learned a level 2 spell: Repel Missiles
  1526 | D:2      | Reached XP level 4. HP: 35/35 MP: 7/7
  1568 | D:2      | Reached skill level 3 in Unarmed Combat
  2103 | D:3      | Found a snail-covered altar of Cheibriados.
  2111 | D:3      | Found an ancient bone altar of Kikubaaqudgha.
  2114 | D:3      | Became a worshipper of Cheibriados the Contemplative
  2176 | D:3      | Reached XP level 5. HP: 33/41 MP: 8/8
  2285 | D:3      | Noticed Natasha
  2301 | D:3      | Killed Natasha
  2587 | D:3      | Noticed Natasha
  2607 | D:3      | Killed Natasha
  2607 | D:3      | Reached skill level 4 in Unarmed Combat
  2657 | D:3      | Noticed an ogre
  2661 | D:3      | HP: 2/41 [ogre/giant club (23)]
  2664 | D:3      | Killed an ogre
  2664 | D:3      | Reached XP level 6. HP: 3/49 MP: 9/9
  2916 | D:3      | Reached * piety under Cheibriados
  2940 | D:3      | Noticed Natasha
  2948 | D:3      | Killed Natasha
  3146 | D:4      | Reached skill level 5 in Unarmed Combat
  3319 | D:4      | Found a staircase to the Ecumenical Temple.
  3466 | D:4      | Found a shadowy altar of Dithmenos.
  3813 | D:5      | Entered Level 5 of the Dungeon
  3887 | D:5      | Noticed a necrophage
  3900 | D:5      | Killed a necrophage
  3900 | D:5      | Reached XP level 7. HP: 57/57 MP: 10/10
  4035 | D:5      | Reached skill level 6 in Unarmed Combat
  4057 | D:5      | Reached ** piety under Cheibriados
  4148 | D:5      | Identified Vuefes's Reference Book on Attacks
  4193 | D:5      | Found Werero's Antique Weapon Shop.
  4240 | D:5      | Found Lomi's Distillery.
  4359 | D:5      | Reached XP level 8. HP: 32/67 MP: 11/11
  4390 | D:5      | Found an iron altar of Okawaru.
  4647 | D:6      | Reached skill level 7 in Unarmed Combat
  4908 | D:6      | Reached skill level 5 in Fighting
  4946 | D:6      | Found an oddly glowing altar of Pakellas.
  5164 | D:6      | Reached *** piety under Cheibriados
  5164 | D:6      | Reached skill level 8 in Unarmed Combat
  5341 | D:7      | Noticed Joseph
  5369 | D:7      | Killed Joseph
  5369 | D:7      | Reached XP level 9. HP: 36/75 MP: 12/12
  5514 | D:7      | You fall through a shaft for 3 floors!
  5514 | D:10     | Entered Level 10 of the Dungeon
  5547 | D:10     | Reached skill level 5 in Armour
  5552 | D:10     | Reached skill level 9 in Unarmed Combat
  5715 | D:9      | Found a white marble altar of Elyvilon.
  5750 | D:9      | Reached **** piety under Cheibriados
  5792 | D:9      | Found Xuyn's General Store.
  5825 | D:9      | Reached skill level 10 in Unarmed Combat
  5849 | D:8      | Found a blossoming altar of Fedhas.
  5877 | D:8      | Found an iron altar of Okawaru.
  6204 | D:8      | Reached XP level 10. HP: 86/86 MP: 13/13
  6500 | D:7      | Reached skill level 11 in Unarmed Combat
  6531 | D:7      | Reached ***** piety under Cheibriados
  6767 | D:7      | HP: 3/88 [warg (13)]
  6769 | D:7      | Slain by a giant frog

Skill      XL: |  1  2  3  4  5  6  7  8  9 10 |
---------------+-------------------------------+-----
Unarmed Combat | 1 2 3 4 5 6 8 10 11 | 11.2
Armour         | 1 2 3 4 6 |  6.5
Fighting       | 1 2 3 4 5 7 |  7.6
Dodging        | |  1.7
Stealth        | |  2.1
Spellcasting   | |  2.7
Conjurations   | |  0.7
Summonings     | |  0.8
Translocations | |  0.8

Action                   |  1- 3 |  4- 6 |  7- 9 | 10-12 || total
-------------------------+-------+-------+-------+-------++-------
Melee: Unarmed           |   196 |   281 |   420 |    96 ||   993
       Punch             |       |     2 |    12 |     9 ||    23
 Cast: Magic Dart        |     4 |       |       |       ||     4
       Repel Missiles    |     1 |       |       |       ||     1
Evoke: Wand              |       |       |     1 |       ||     1
  Use: Scroll            |     2 |     8 |     3 |     3 ||    16
       Potion            |       |       |     2 |     7 ||     9
  Eat: Chunk             |    23 |    22 |    48 |     8 ||   101
Armor: Chain mail        |   143 |   142 |   237 |    77 ||   599
       Robe              |     1 |       |       |       ||     1
Dodge: Dodged            |    61 |    61 |   167 |    81 ||   370
       Deflected         |       |       |     1 |       ||     1
